 Dungeon Crawl Stone Soup version 0.31.0-11-ge490571c62 (webtiles) character file.

Game seed: 15653542977226236605

427 qw the Skirmisher (level 6, -1/35 HPs)
             Began as a Deep Elf Hunter on Feb 3, 2024.
             Incinerated by a bombardier beetle (5 damage)
             ... with a burning spray
             ... on level 5 of the Dungeon.
             The game lasted 00:00:16 (3776 turns).

qw the Skirmisher (Deep Elf Hunter)                 Turns: 3776, Time: 00:00:17

Health: -1/35      AC:  6    Str: 10    XL:     6   Next: 65%
Magic:  8/8        EV: 11    Int: 14    God:
Gold:   230        SH:  0    Dex: 18    Spells: 5/5 levels left

rFire   . . .        a - +1 shortbow
rCold   + . .        (shield currently unavailable)
rNeg    . . .        g - +0 ring mail
rPois   .            (no helmet)
rElec   .            (no cloak)
rCorr   .            (no gloves)
SInv    .            e - +0 pair of boots
Will    .....        (no amulet)
Stlth   +            b - ring of protection from cold
HPRegen 0.25/turn    (no ring)
MPRegen 0.11/turn

%: no passive effects
@: on fire, glowing
A: no striking features
a: no special abilities


You were on level 5 of the Dungeon.
You visited 2 branches of the dungeon, and saw 6 of its levels.

You collected 230 gold pieces.


   Skills:
 - Level 2.0 Fighting
 - Level 10.1 Ranged Weapons
 + Level 0.2 Armour
 - Level 3.0 Dodging
 - Level 1.2 Stealth


You had 5 spell levels left.
You didn't know any spells.
Your spell library was empty.

Inventory:

Hand Weapons
 a - a +1 shortbow (weapon)
Armour
 e - a +0 pair of boots (worn)
 g - a +0 ring mail (worn)
Jewellery
 b - a ring of protection from cold (left hand)
Wands
 f - a wand of mindburst (16)
Scrolls
 c - a scroll of silence {unknown}
 h - 2 scrolls of teleportation
Potions
 d - a potion of enlightenment
 i - a potion of curing
 j - a potion of brilliance {unknown}

Dungeon Overview and Level Annotations

Branches:
Dungeon (5/15)             Temple (1/1) D:4

Altars:
Ashenzari
Cheibriados
Dithmenos
Elyvilon
Fedhas
Gozag
Hepliaklqana
Kikubaaqudgha
Makhleb
Nemelex Xobeh
Ru
Sif Muna
Vehumet
Wu Jian
Zin
The Shining One


Message History

An orc and a bombardier beetle come into view.
Items here: % )))) [.
You shoot an arrow. The arrow hits the orc.
The orc is lightly wounded.
You shoot an arrow. The arrow hits the bombardier beetle!
The bombardier beetle is heavily wounded.
You shoot an arrow. The arrow hits the orc!
You kill the orc!
You shoot an arrow. The arrow hits the bombardier beetle.
The bombardier beetle is severely wounded.
You shoot an arrow. The arrow hits the bombardier beetle.
The bombardier beetle is almost dead.
You shoot an arrow.
The arrow barely misses the bombardier beetle.
The bombardier beetle sprays incendiary fluid at you.
The burning spray hits you.
You are covered in liquid fire!
You shoot an arrow. The arrow hits the bombardier beetle.
You kill the bombardier beetle!
The liquid fire burns you!
Your Dodging skill increases to level 3!
You are on fire!
The liquid fire burns you!
You are on fire!
The liquid fire burns you!
You are on fire!
The liquid fire burns you!
You are on fire!
The liquid fire burns you!
An adder comes into view.
You shoot an arrow. The arrow closely misses the adder.
The liquid fire burns you!
You shoot an arrow. The arrow hits the adder!
You kill the adder!
The liquid fire burns you!
You are on fire!
The liquid fire burns you!
You are on fire!
The liquid fire burns you!
You die...

....... ######
....... #....#
...... # #....##
...). ..##....#.
...# ..:..... ...
.. #....###)###...
.. +......@.....#
...##....###%#####
#...........#
#..##'#####..#
#..#...## ..#
#.......# ...
##.#<#.........
.........<#.......#
##.##.....##....


There were no monsters in sight!

Vanquished Creatures
  A howler monkey (D:5)
  A jelly (D:4)
  2 bombardier beetles
  A hound (D:4)
  Ijyb (D:3)
  An orc wizard (D:3)
  9 adders
  3 gnolls (D:4)
  3 dart slugs
  A ribbon worm (D:2)
  11 orcs
  9 endoplasms
  4 giant cockroaches
  5 goblins
  5 hobgoblins
  9 jackals
  A quokka (D:1)
  6 ball pythons
  A bat (D:1)
  5 frilled lizards
  9 kobolds
  5 rats
93 creatures vanquished.

Notes
Turn   | Place    | Note
-------+----------+-------------------------------------------
     0 | D:1      | qw the Deep Elf Hunter began the quest for the Orb.
     0 | D:1      | Reached XP level 1. HP: 12/12 MP: 3/3
     0 | D:1      | 0 ||| qw: Version: 0.3-a-158-g18b3111
     0 | D:1      | 0 ||| qw: Game counter: 4117
     0 | D:1      | 0 ||| qw: Melee chars always use a shield: true
     0 | D:1      | 0 ||| qw: God list: Okawaru
     0 | D:1      | 0 ||| qw: Allow faded altars: false
     0 | D:1      | 0 ||| qw: Do Orc after clearing Dungeon:15 true
     0 | D:1      | 0 ||| qw: Do second Lair branch before Depths: true
     0 | D:1      | 0 ||| qw: Lair rune preference: random
     0 | D:1      | 0 ||| qw: Goals: Normal
     0 | D:1      | 0 ||| PLANNING D:1-11
   148 | D:1      | Reached XP level 2. HP: 16/16 MP: 4/4
   252 | D:1      | Reached skill level 6 in Ranged Weapons
   805 | D:1      | 805 ||| UPGRADING to +0 pair of boots.
   810 | D:1      | 810 ||| UPGRADING to +0 scale mail.
   820 | D:1      | 820 ||| DROPPING +0 leather armour.
   821 | D:1      | 821 ||| UPGRADING to +0 ring mail.
   831 | D:1      | 831 ||| DROPPING +0 scale mail.
   832 | D:1      | 832 ||| DROPPING scroll of butterflies.
   859 | D:2      | Reached XP level 3. HP: 20/20 MP: 5/5
   960 | D:2      | Reached skill level 7 in Ranged Weapons
  1295 | D:2      | Found a radiant altar of Vehumet.
  1401 | D:2      | You fall into a shaft and drop 2 floors!
  1402 | D:4      | 1402 ||| UPGRADING to ring of protection from cold.
  1403 | D:4      | 1403 ||| READING scroll labelled URCHEO SOMICEI.
  1403 | D:4      | 1403 ||| ENCHANTING +0 shortbow.
  1406 | D:4      | Found a staircase to the Ecumenical Temple.
  1408 | D:4      | 1408 ||| PLANNING TEMPLE
  1419 | Temple   | Entered the Ecumenical Temple
  1420 | Temple   | 1420 ||| PLANNING D:1-11
  1430 | D:3      | Found a shadowy altar of Dithmenos.
  1536 | D:3      | Reached XP level 4. HP: 25/25 MP: 6/6
  1665 | D:3      | Noticed Ijyb
  1679 | D:3      | Killed Ijyb
  1680 | D:3      | Reached skill level 8 in Ranged Weapons
  1823 | D:3      | 1823 ||| READING scroll labelled YZUOPE LOJAIT.
  1823 | D:3      | 1823 ||| IDENTIFYING viscous golden potion
  1824 | D:3      | 1824 ||| DROPPING potion of lignification.
  1995 | D:2      | Identified the +1 mace of Sunlight {flame, rElec rC+ Str+2}
  2017 | D:2      | Reached XP level 5. HP: 29/29 MP: 7/7
  2646 | D:3      | 2646 ||| READING scroll of identify.
  2646 | D:3      | 2646 ||| IDENTIFYING bubbling golden potion
  2647 | D:3      | 2647 ||| READING 2 scrolls labelled UCUCHI TIOH.
  2652 | D:3      | 2652 ||| DROPPING potion of degeneration.
  2745 | D:4      | Reached skill level 9 in Ranged Weapons
  2747 | D:4      | 2747 ||| FLEEEEING.
  2748 | D:4      | 2748 ||| FLEEEEING.
  2753 | D:4      | 2753 ||| FLEEEEING.
  2754 | D:4      | 2754 ||| FLEEEEING.
  2755 | D:4      | 2755 ||| FLEEEEING.
  2756 | D:4      | 2756 ||| FLEEEEING.
  2757 | D:4      | 2757 ||| FLEEEEING.
  2758 | D:4      | 2758 ||| FLEEEEING.
  2759 | D:4      | 2759 ||| FLEEEEING.
  2760 | D:4      | 2760 ||| FLEEEEING.
  2761 | D:4      | 2761 ||| FLEEEEING.
  2762 | D:4      | 2762 ||| FLEEEEING.
  2763 | D:4      | 2763 ||| FLEEEEING.
  2764 | D:4      | 2764 ||| FLEEEEING.
  2765 | D:4      | 2765 ||| FLEEEEING.
  2766 | D:4      | 2766 ||| FLEEEEING.
  2767 | D:4      | 2767 ||| FLEEEEING.
  2787 | D:4      | 2787 ||| FLEEEEING.
  2788 | D:4      | 2788 ||| FLEEEEING.
  3071 | D:4      | Reached XP level 6. HP: 35/35 MP: 8/8
  3371 | D:4      | Found a radiant altar of Vehumet.
  3371 | D:4      | Found a shimmering blue altar of Sif Muna.
  3553 | D:4      | Found an opulent altar of Gozag.
  3594 | D:4      | 3594 ||| DROPPING scarf of harm.
  3595 | D:4      | 3595 ||| READING scroll of identify.
  3595 | D:4      | 3595 ||| IDENTIFYING yellow potion
  3596 | D:4      | 3596 ||| READING scroll labelled YFEXKAPTUEDGH.
  3597 | D:4      | 3597 ||| READING scroll labelled MYRCHOT WEUNK.
  3598 | D:4      | 3598 ||| DRINKING 2 sapphire potions.
  3602 | D:4      | 3602 ||| Stepping ~*~*~tactically~*~*~ (cloud).
  3729 | D:5      | Entered Level 5 of the Dungeon
  3761 | D:5      | Reached skill level 10 in Ranged Weapons
  3769 | D:5      | Reached skill level 3 in Dodging
  3774 | D:5      | HP: 7/35 [burnt (4)]
  3776 | D:5      | Incinerated by a bombardier beetle

Levels and vault maps discovered:
D:1:      lightli_arrival_boilingwater, layout_basic
D:2:      layout_loops_corners, basic_altar
D:3:      layout_basic, nicolae_dithmenos_through_a_glass_darkly, uniq_ijyb
D:4:      layout_loops_ring, grunt_gozag_breadcrumbs,
          gammafunk_temple_overflow_statue, minmay_temple_entry_overgrown
D:5:      nicolae_cairo_tiling_large_dashed, layout_basic, xom_teletrap_fun,
          uniq_blork_the_orc
Temple:   chequers_temple_sunken

Skill      XL: |  1  2  3  4  5  6 |
---------------+-------------------+-----
Ranged Weapons | 6 7 8 9 10 | 10.1
Fighting       | 2 |  2.0
Dodging        | 3 |  3.0
Armour         | |  0.2
Stealth        | |  1.2

Action                     |  1- 3 |  4- 6 || total
---------------------------+-------+-------++-------
   Fire: Shortbow          |   120 |   203 ||   323
    Use: Scroll            |     1 |     6 ||     7
         Potion            |       |     1 ||     1
 Armour: Leather armour    |    12 |       ||    12
         Ring mail         |     8 |    64 ||    72
  Dodge: Dodged            |    28 |    46 ||    74

Table legend:
 A = Non-vault XP
 B = Vault XP
 C = Vault XP percentage of total XP
 D = Non-vault monster count
 E = Vault monster count
 F = Vault count percentage of total count
                 A         B        C        D         E       F
            +---------+---------+-------+---------+---------+-------
      Total |     574 |      36 |   5.9 |      92 |       1 |   1.1
            +---------+---------+-------+---------+---------+-------
        D:1 |      37 |       0 |   0.0 |      21 |       0 |   0.0
        D:2 |      73 |       0 |   0.0 |      20 |       0 |   0.0
        D:3 |      97 |      36 |  27.1 |      20 |       1 |   4.8
        D:4 |     233 |       0 |   0.0 |      22 |       0 |   0.0
        D:5 |     134 |       0 |   0.0 |       9 |       0 |   0.0
            +---------+---------+-------+---------+---------+-------
